[ AOE2 MATCH · #506559793 ]
UnrankedMalay vs Persians
Player's team · LOSS
Rival team · WIN
[ REPLAY ANALYSIS · EXTRACTED FROM THE RECORDED GAME ]
Feudal
9:26
Castle
—
Imperial
—
| APM avg | 58.4 |
| APM peak | 86 |
| eAPM avg | 17.0 |
| Villagers / military | 29 / 5 |
Focus
⚔️ 28.6% · 🌾 71.4%
Militia ×5
Feudal
—
Castle
—
Imperial
—
| APM avg | 43.9 |
| APM peak | 79 |
| eAPM avg | 17.1 |
| Villagers / military | 28 / 0 |
Focus
⚔️ 13.1% · 🌾 86.9%
Match map
Initial resources + every placement click. Lines = walls · curves = elevation contours. ◆ gold · ⬟ stone · ● berries · ✦ relic · ◌ wall gap
Your base
TW_KAKA's base
Smoothed initial terrain · ◌ = detected wall gap · hover for details
Inputs per minute
— pierrehusson - - TW_KAKA
Build order — pierrehusson
41 actions detected in the replay
| 0:01 | Queue | Villager (Male) ×4 |
| 0:03 | Build | House |
| 0:05 | Build | House |
| 1:34 | Build | Lumber Camp |
| 1:39 | Queue | Villager (Male) |
| 1:39 | Queue | Villager (Male) |
| 1:39 | Queue | Villager (Male) |
| 1:44 | Queue | Villager (Male) |
| 2:17 | Queue | Villager (Male) |
| 2:18 | Queue | Villager (Male) |
| 2:55 | Queue | Villager (Male) |
| 2:55 | Queue | Villager (Male) |
| 3:19 | Queue | Villager (Male) |
| 3:19 | Queue | Villager (Male) |
| 3:44 | Queue | Villager (Male) |
| 3:44 | Queue | Villager (Male) |
| 3:45 | Queue | Villager (Male) |
| 4:04 | Queue | Villager (Male) |
| 4:05 | Queue | Villager (Male) |
| 4:05 | Queue | Villager (Male) |
| 4:07 | Build | House |
| 4:17 | Queue | Villager (Male) |
| 4:17 | Queue | Villager (Male) |
| 4:41 | Build | Mill |
| 4:58 | Queue | Villager (Male) |
| 5:19 | Queue | Villager (Male) |
| 5:30 | Build | Barracks |
| 5:40 | Queue | Villager (Male) |
| 6:10 | Queue | Villager (Male) |
| 6:15 | Build | House |
| 6:38 | Queue | Villager (Male) |
| 7:10 | Queue | Villager (Male) |
| 7:30 | Queue | Villager (Male) |
| 8:08 | Research | Feudal Age |
| 8:29 | Queue | Militia |
| 8:29 | Queue | Militia |
| 8:29 | Queue | Militia |
| 8:56 | Build | House |
| 9:08 | Queue | Militia |
| 9:08 | Queue | Militia |
| 9:26 | Age | Feudal Age |
Build order — TW_KAKA
36 actions detected in the replay
| 0:02 | Build | House |
| 0:05 | Build | House |
| 0:06 | Queue | Villager (Male) |
| 0:06 | Queue | Villager (Male) |
| 0:07 | Queue | Villager (Male) |
| 0:07 | Queue | Villager (Male) |
| 0:07 | Queue | Villager (Male) |
| 0:08 | Queue | Villager (Male) |
| 2:07 | Queue | Villager (Male) |
| 2:07 | Queue | Villager (Male) |
| 2:07 | Queue | Villager (Male) |
| 2:19 | Build | Lumber Camp |
| 2:57 | Queue | Villager (Male) |
| 2:58 | Queue | Villager (Male) |
| 3:47 | Queue | Villager (Male) |
| 4:00 | Queue | Villager (Male) |
| 4:00 | Queue | Villager (Male) |
| 5:16 | Queue | Villager (Male) |
| 5:16 | Queue | Villager (Male) |
| 5:28 | Build | House |
| 5:30 | Build | House |
| 5:42 | Queue | Villager (Male) |
| 5:42 | Queue | Villager (Male) |
| 5:43 | Queue | Villager (Male) |
| 5:43 | Queue | Villager (Male) |
| 5:44 | Queue | Villager (Male) |
| 6:33 | Queue | Villager (Male) |
| 6:33 | Queue | Villager (Male) |
| 6:49 | Research | Loom |
| 7:16 | Queue | Villager (Male) |
| 7:16 | Queue | Villager (Male) |
| 8:00 | Queue | Villager (Male) |
| 8:00 | Queue | Villager (Male) |
| 8:00 | Queue | Villager (Male) |
| 8:15 | Build | Mill |
| 9:11 | Build | Town Center |
Match timeline
| 5:30 | pierrehusson · first_building Barracks |
| 9:26 | pierrehusson · age_up feudal |
| 10:00 | pierrehusson · resign |
[ AI ANALYSIS · 1 CREDIT ]
What really happened in this match?
Wolo.gg analyzes every decision: build order, eco, micro, common mistakes by bracket. Personalized analysis on WhatsApp or Discord in 30 seconds.
Civ guide
Malay
Perfil
Jugador #764199